 Dungeon Crawl Stone Soup version 0.31-a0-1237-gabc64e778c (webtiles) character file.

Game seed: 2960907612364845021

348 pokeman the Magician (level 6, -4/34 HPs)
             Began as a Deep Elf Hedge Wizard on Dec 16, 2023.
             Slain by Prince Ribbit (17 damage)
             ... on level 5 of the Dungeon.
             The game lasted 00:06:59 (3839 turns).

pokeman the Magician (Deep Elf Hedge Wizard)        Turns: 3839, Time: 00:06:59

Health: -4/34      AC:  5    Str:  7    XL:     6   Next: 33%
Magic:  2/18       EV: 17    Int: 21    God:
Gold:   213        SH:  0    Dex: 14    Spells: 11/19 levels left

rFire   . . .        u - +2 dagger (elec)
rCold   . . .        (no shield)
rNeg    . . .        q - +1 leather armour "Hedesih" {rPois}
rPois   +            c - +0 hat
rElec   .            (no cloak)
rCorr   .            (no gloves)
SInv    .            v - +0 pair of boots
Will    .....        (no amulet)
Stlth   ++           n - +5 ring of evasion
HPRegen 0.25/turn    (no ring)
MPRegen 0.16/turn

%: no passive effects
@: very slightly contaminated
A: no striking features
a: no special abilities


You were on level 5 of the Dungeon.
You visited 1 branch of the dungeon, and saw 5 of its levels.

You collected 213 gold pieces.

Inventory:

Hand Weapons
 u - a +2 dagger of electrocution (weapon)
Armour
 c - a +0 hat (worn)
 q - the +1 leather armour "Hedesih" (worn) {rPois}
   (You found it on level 2 of the Dungeon)

   rPois:     It protects you from poison
 v - a +0 pair of boots (worn)
Jewellery
 n - a +5 ring of evasion (left hand)
Wands
 z - a wand of flame (14)
Scrolls
 a - a scroll of teleportation {unknown}
 f - a scroll of fog {unknown}
 j - 4 scrolls of identify {unknown}
 l - a scroll of enchant armour {unknown}
 m - 3 scrolls of vulnerability {unknown}
 o - 2 scrolls of blinking {unknown}
 t - 2 scrolls of noise {unknown}
 w - a scroll of revelation {unknown}
 x - a scroll of summoning {unknown}
 y - a scroll of acquirement {unknown}
Potions
 b - a potion of heal wounds {unknown}
 d - 2 potions of magic
 e - a potion of brilliance {unknown}
 g - a potion of haste {unknown}
 h - a potion of curing {unknown}
 i - a potion of degeneration {unknown}
 k - a potion of resistance {unknown}
 p - a potion of attraction {unknown}
 r - a potion of berserk rage {unknown}
 s - a potion of might {unknown}
 A - a potion of invisibility {unknown}


   Skills:
 - Level 1.0 Fighting
 - Level 1.0 Armour
 + Level 3.5 Dodging
 - Level 3.4 Stealth
 * Level 7.0 Spellcasting
 + Level 3.1 Conjurations
 - Level 1.1 Summonings
 - Level 1.1 Translocations
 - Level 1.0 Air Magic
 - Level 1.0 Poison Magic
 + Level 0.3 Evocations


You had 11 spell levels left.
You knew the following spells:

 Your Spells              Type           Power      Damage    Failure   Level
a - Magic Dart            Conj           80%        1d7       3%          1
b - Mephitic Cloud        Conj/Pois/Air  14%        N/A       19%         3
c - Call Imp              Summ           24%        N/A       12%         2
d - Blink                 Tloc           24%        N/A       12%         2

Your spell library contained the following spells:

 Spells                   Type           Power      Damage    Failure   Level
 Momentum Strike          Conj/Tloc      32%        3d8       9%          2
 Static Discharge         Conj/Air       32%        3-5/arc   9%          2
 Lesser Beckoning         Tloc           24%        N/A       12%         2
 Slow                     Hex            28%        N/A       13%         1
 Poisonous Vapours        Pois/Air       22%        N/A       13%         2
 Cigotuvi's Dreadful Rot  Necr/Pois/Air  20%        N/A       14%         2
 Sublimation of Blood     Necr           7%         N/A       19%         2
 Wereblood                Tmut           7%         N/A       19%         2
 Airstrike                Air            5%         2d(1-17)  63%         4
 Summon Lightning Spire   Summ/Air       11%        N/A       63%         4
 Irradiate                Conj/Tmut      6%         3d13      88%         5
 Freezing Cloud           Conj/Ice/Air   6%         6-21      90%         5
 Summon Hydra             Summ           6%         N/A       100%        7


Dungeon Overview and Level Annotations

Branches:
Dungeon (5/15)
 Temple: D:4-7

Altars:
Dithmenos
Sif Muna

Annotations:
D:3 3 runed translucent doors, Pokonic1's ghost, amateur DsFE
D:5 Prince Ribbit


Message History

Unknown command.
Casting: Mephitic Cloud (quite dangerous; 19% risk of failure)
Confirm with . or Enter, or press ? or * to list all spells.
Aiming: Mephitic Cloud (quite dangerous; 19% risk of failure)
Press: ? - help, Shift-Dir - straight line, f/p - Prince Ribbit
Aim: Prince Ribbit (lightly wounded, chance to affect: 72%)
You miscast Mephitic Cloud.
You are very lightly contaminated with residual magic.
Nothing appears to happen.
Prince Ribbit hits you but does no damage.
Unknown command.
Casting: Mephitic Cloud (quite dangerous; 19% risk of failure)
Confirm with . or Enter, or press ? or * to list all spells.
Aiming: Mephitic Cloud (quite dangerous; 19% risk of failure)
Press: ? - help, Shift-Dir - straight line, f/p - Prince Ribbit
Aim: Prince Ribbit (lightly wounded, chance to affect: 72%)
The ball explodes into a vile cloud!
The stinking cloud engulfs Prince Ribbit but does no damage.
Prince Ribbit is lightly wounded.
The stinking cloud engulfs you but does no damage.
Prince Ribbit is engulfed in noxious fumes.
Prince Ribbit appears confused.
Prince Ribbit is engulfed in noxious fumes.
Unknown command.
Unknown command.
You catch the helpless Prince Ribbit completely off-guard!
You puncture Prince Ribbit!
Prince Ribbit is moderately wounded.
Prince Ribbit is engulfed in noxious fumes.
Prince Ribbit misses you.
You strike the helpless Prince Ribbit from behind!
You puncture Prince Ribbit!
Lightning courses through Prince Ribbit!
Prince Ribbit is severely wounded.
Prince Ribbit is engulfed in noxious fumes.
Prince Ribbit appears confused.
Prince Ribbit hits you!
Prince Ribbit is engulfed in noxious fumes.
Prince Ribbit appears confused.
Prince Ribbit hits you!
Ouch! That really hurt!
You die...

###..........
#............
##............
.............
............
#..........
#....°.....
#.@F°.....
#.○.○.....
#........#.
#./.....##
........#
#.....#..#
######....
...##


You could see Prince Ribbit (confused).

Vanquished Creatures
  Eustachio (D:4)
  An orc priest (D:4)
  An orc wizard (D:4)
  3 gnolls (D:4)
  2 adders
  4 ufetubi
  A dart slug (D:1)
  2 worms (D:3)
  6 orcs (D:4)
  4 bats
  4 endoplasms
  3 giant cockroaches
  7 goblins
  7 hobgoblins
  3 jackals (D:2)
  3 quokkas
  7 ball pythons
  5 frilled lizards
  5 kobolds
  5 rats
74 creatures vanquished.

Notes
Turn   | Place    | Note
-------+----------+-------------------------------------------
     0 | D:1      | pokeman the Deep Elf Hedge Wizard began the quest for the
                  | Orb.
     0 | D:1      | Reached XP level 1. HP: 10/10 MP: 7/7
   309 | D:1      | Reached XP level 2. HP: 16/16 MP: 6/9
   785 | D:1      | Reached skill level 5 in Spellcasting
  1158 | D:2      | Reached XP level 3. HP: 20/20 MP: 8/11
  1162 | D:2      | Learned a level 3 spell: Mephitic Cloud
  1165 | D:2      | Learned a level 2 spell: Call Imp
  1168 | D:2      | Learned a level 2 spell: Blink
  1627 | D:2      | Found a shadowy altar of Dithmenos.
  1819 | D:2      | Found a faded altar of an unknown god.
  1841 | D:2      | Identified the +1 leather armour "Hedesih" {rPois}
  2204 | D:3      | Reached skill level 1 in Fighting
  2204 | D:3      | Reached skill level 1 in Armour
  2652 | D:3      | Reached XP level 4. HP: 25/25 MP: 9/13
  2680 | D:3      | Found a runed translucent gate.
  2680 | D:3      | Found a runed translucent gate.
  2680 | D:3      | Found a runed translucent gate.
  2683 | D:3      | Noticed Pokonic1's ghost (amateur DsFE)
  2691 | D:3      | Identified the +7 mace "Rynaegyuco" {elec, Fly rPois rC+
                  | Dex+2}
  2691 | D:3      | Identified the +1 leather armour of the Poles {-Tele rPois
                  | Str+6}
  2738 | D:3      | Found a shimmering blue altar of Sif Muna.
  3062 | D:4      | Noticed Eustachio
  3080 | D:4      | Killed Eustachio
  3081 | D:4      | Reached skill level 6 in Spellcasting
  3081 | D:4      | Reached XP level 5. HP: 22/29 MP: 11/16
  3314 | D:4      | Reached XP level 6. HP: 20/34 MP: 9/17
  3338 | D:4      | Reached skill level 1 in Poison Magic
  3510 | D:4      | Reached skill level 7 in Spellcasting
  3823 | D:5      | Entered Level 5 of the Dungeon
  3828 | D:5      | Reached skill level 1 in Air Magic
  3831 | D:5      | Noticed Prince Ribbit
  3839 | D:5      | Slain by Prince Ribbit

Illustrated notes

Levels and vault maps discovered:
D:1:      minmay_arrival_cross, layout_basic, minmay_misc_feat_enclosed
D:2:      layout_basic, basic_altar, hellmonk_ecumenical_altar_inner_sanctum,
          minivault_25
D:3:      layout_basic, nicolae_overflow_crystal_walls,
          biasface_ghost_orc_armoury, minmay_strange_pillars,
          nrook_mini_backslash
D:4:      layout_loops_ring, uniq_eustachio
D:5:      layout_cave_pools, mainiacjoe_overflow_swirl,
          minmay_temple_entry_enclosed_plants, kennysheep_cluttered_room,
          due_unseen_surprise, uniq_prince_ribbit1

Skill      XL: |  1  2  3  4  5  6 |
---------------+-------------------+-----
Spellcasting   | 5 6 7 |  7.0
Fighting       | 1 |  1.0
Armour         | 1 |  1.0
Conjurations   | 2 3 |  3.1
Dodging        | 3 |  3.5
Stealth        | 3 |  3.4
Poison Magic   | 1 |  1.0
Air Magic      | 1 |  1.0
Summonings     | |  1.1
Translocations | |  1.1
Evocations     | |  0.3

Action                     |  1- 3 |  4- 6 || total
---------------------------+-------+-------++-------
  Melee: Dagger            |     2 |    45 ||    47
   Cast: Magic Dart        |   132 |    45 ||   177
         Mephitic Cloud    |       |     6 ||     6
   Stab: Confused          |       |     4 ||     4
 Armour: Robe              |    15 |       ||    15
         Leather armour    |     4 |    18 ||    22
  Dodge: Dodged            |    20 |    40 ||    60

Table legend: (Time is in decaauts)
 A = Elapsed time spent in this place.
 B = Non-inter-level travel time spent in this place.
 C = Inter-level travel time spent in this place.
 D = Time resting spent in this place.
 E = Time spent auto-exploring this place.
 F = Levels seen in this place.
 G = Mean time per level.
                   A        B        C        D        E       F      G
               +--------+--------+--------+--------+--------+-----+--------+
         Total |   3836 |   3724 |    112 |      0 |   3269 |   5 |  767.2 |
       Dungeon |   3836 |   3724 |    112 |      0 |   3269 |   5 |  767.2 |
               +--------+--------+--------+--------+--------+-----+--------+

Top non-repeatable levels by time:
     D:1: 1088 daAuts
     D:2: 1037 daAuts
     D:3: 857 daAuts
     D:4: 837 daAuts
     D:5: 15 daAuts
